 Dungeon Crawl Stone Soup version 0.19.5 (webtiles) character file.

60 Qew7 the Skirmisher (level 3, 0/29 HPs)
             Began as a Demonspawn Abyssal Knight on Mar 27, 2017.
             Was a Follower of Lugonu.
             Slain by Crazy Yiuf
             ... wielding a +3 quarterstaff of chaos
              (2 damage)
             ... on level 2 of the Dungeon.
             The game lasted 00:05:04 (1430 turns).

Qew7 the Skirmisher (Demonspawn Abyssal Knight)     Turns: 1430, Time: 00:05:04

Health: 0/29       AC:  5    Str: 18    XL:     3   Next: 80%
Magic:  4/4        EV: 11    Int: 13    God:    Lugonu [*.....]
Gold:   109        SH:  0    Dex: 12    Spells: 0 memorised, 2 levels left

rFire  . . .     SeeInvis .     g - -1 hunting sling
rCold  . . .     Gourm    .     b - +0 leather armour
rNeg   . . .     Faith    .     (no shield)
rPois  .         Spirit   .     (no helmet)
rElec  .         Reflect  .     (no cloak)
rCorr  .         Harm     +     (no gloves)
MR     .....                    (no boots)
Stlth  ..........               j - amulet of harm
                                o - ring of loudness (curse)
                                e - +5 ring of strength

@: no status effects
A: molten scales 1, powered by death 1
a: Depart the Abyss, Renounce Religion


You were on level 2 of the Dungeon.
You worshipped Lugonu.
Lugonu was aware of your devotion.
You were not hungry.

You visited 1 branch of the dungeon, and saw 2 of its levels.
You visited the Abyss 1 time.

You collected 109 gold pieces.

Inventory:

Hand Weapons
 a - a +1 falchion
 g - a -1 hunting sling (weapon)
 h - a +0 whip of electrocution
Missiles
 f - 84 stones (quivered)
Armour
 b - a +0 leather armour (worn)
Jewellery
 e - a +5 ring of strength (left hand)
 j - an amulet of harm (around neck)
 m - a -3 ring of dexterity
 o - a cursed ring of loudness (right hand)
 r - an uncursed ring of resist corrosion {unknown}
Wands
 q - a wand of lightning (4/15)
Scrolls
 s - a scroll of identify {unknown}
Potions
 d - a potion of degeneration {unknown}
 k - a potion of might {unknown}
 l - a potion of berserk rage {unknown}
 p - 2 potions of brilliance {unknown}
Comestibles
 c - 2 bread rations
 i - a beef jerky
 n - a meat ration


   Skills:
 + Level 3.6 Fighting
 + Level 1.9 Long Blades
 + Level 2.1 Slings
 + Level 1.9 Armour
 + Level 1.0 Dodging
 + Level 2.6 Invocations


You had 2 spell levels left.
You didn't know any spells.

Dungeon Overview and Level Annotations

Branches:
Dungeon (2/15)

Altars:

Annotations:
D:2 Crazy Yiuf


Innate Abilities, Weirdness & Mutations

You are partially covered in molten scales. (AC +2)
You regenerate a little health from kills.


Message History

Crazy Yiuf hits you with a quarterstaff of chaos!
Crazy Yiuf freezes you.
Firing (i - inventory):
f - 86 stones (quivered)
Press: ? - help, Shift-Dir - straight line, f/p - Crazy Yiuf
Aim: Crazy Yiuf, wielding a quarterstaff of chaos and wearing a cloak (severely wounded)
You shoot a stone.
The stone hits Crazy Yiuf but does no damage.
Crazy Yiuf is severely wounded.
Crazy Yiuf says, "Race song leg!"
Crazy Yiuf hits you with a quarterstaff of chaos.
Crazy Yiuf burns you.
Firing (i - inventory):
f - 85 stones (quivered)
Press: ? - help, Shift-Dir - straight line, f/p - Crazy Yiuf
Aim: Crazy Yiuf, wielding a quarterstaff of chaos and wearing a cloak (severely wounded)
You shoot a stone. The stone hits Crazy Yiuf.
Crazy Yiuf is severely wounded.
Crazy Yiuf hits you with a quarterstaff of chaos!
* * * LOW HITPOINT WARNING * * *
Crazy Yiuf burns you.
You die...

# #.#.#†#
##..##
###.#.#.#
#....#
##..#.#.#
♣....♣
.#.##.#.#
♣...♣♣
.#.##.#.# ♣♣.♣♣
.#.##.#.# ♣.♣♣
.#.##.#)# ♣♣.♣
......#.# ♣.♣♣
.#.####.# ♣♣@♣
.#.#.##.# #g#
.#.#....# ...
.#.#.#### #.(.#
.#...# #.()#
.###########
#####
...........#
........).#####
#########.# #.#


You could see Crazy Yiuf.

Vanquished Creatures
  2 adders (D:2)
  An ooze (D:2)
  2 worms (D:2)
  A leopard gecko (D:2)
  A giant cockroach (D:2)
  7 hobgoblins
  4 jackals (D:2)
  A quokka (D:2)
  A frilled lizard (D:2)
  4 goblins
  5 kobolds
  2 rats
31 creatures vanquished.

Notes
Turn   | Place    | Note
-------+----------+-------------------------------------------
     0 | Abyss:1  | Qew7 the Demonspawn Abyssal Knight began the quest for the Orb.
     0 | Abyss:1  | Reached XP level 1. HP: 18/18 MP: 2/2
    38 | Abyss:1  | Noticed a small abomination
    39 | D:1      | Escaped the Abyss
   146 | D:1      | Reached * piety under Lugonu
   274 | D:1      | Gained mutation: You are partially covered in molten scales. (AC +2) [demonic ancestry]
   274 | D:1      | Reached XP level 2. HP: 20/24 MP: 3/3
   462 | D:2      | HP: 1/24 [leopard gecko (1)]
   790 | D:2      | Noticed Ijyb
   795 | D:2      | Reached skill level 1 in Slings
   795 | D:2      | Reached skill level 1 in Dodging
   819 | D:2      | Gained mutation: You regenerate a little health from kills. [demonic ancestry]
   819 | D:2      | Reached XP level 3. HP: 29/29 MP: 4/4
  1174 | D:2      | Found a runed door.
  1422 | D:2      | Noticed Crazy Yiuf
  1430 | D:2      | Slain by Crazy Yiuf

Skill      XL: |  1  2  3 |
---------------+----------+-----
Slings         | 1 2 |  2.1
Dodging        | 1 |  1.0
Fighting       | |  3.6
Long Blades    | |  1.9
Armour         | |  1.9
Invocations    | |  2.6

Action                   || total
-------------------------++-------
Melee: Falchion          ||     8
 Fire: Hunting sling     ||   119
Invok: Depart the Abyss  ||     1
  Use: Scroll            ||     3
  Eat: Bread ration      ||     1
Armor: Leather armour    ||    15
Dodge: Dodged            ||    38
       Rpst.: Falchion   ||     1
